WCHLSIM.com - West Coast Hockey League
html PUBLIC "-//W3C//DTD XHTML 1.0 Transitional//EN" "http://www.w3.org/TR/xhtml1/DTD/xhtml1-transitional.dtd"> WCHL - Game 12 - KELOWNA ROCKETS vs SALEM BLACK JAYS

KELOWNA ROCKETS vs SALEM BLACK JAYS

Created - 3 octobre 2019 at 17:19

Goals
1 2 3 T
KELOWNA ROCKETS 1 3 3 7
SALEM BLACK JAYS 2 1 1 4
Shots
1 2 3 T
KELOWNA ROCKETS 8 15 13 36
SALEM BLACK JAYS 14 7 14 35

1st period

1. KELOWNA ROCKETS , Alexander Ovechkin 1 (Evgeny Kuznetsov 1, Vladimir Tarasenko 1) at 3:14
2. SALEM BLACK JAYS , Dylan Larkin 1 (Joshua Morrissey 1, Mitchell Marner 1) at 4:47 (PP)
3. SALEM BLACK JAYS , Mikko Rantanen 1 (Mathew Barzal 1, Mitchell Marner 2) at 19:58

Penalties :
Evgeny Kuznetsov (KEL) for Holding (Minor) at 4:08, Nick Bjugstad (KEL) for Tripping (Minor) at 7:37

2nd period

4. SALEM BLACK JAYS , Mathew Barzal 1 (Mitchell Marner 3) at 0:46 (SH)
5. KELOWNA ROCKETS , Alexander Ovechkin 2 (Evgeny Kuznetsov 2, Vladimir Tarasenko 2) at 5:21
6. KELOWNA ROCKETS , Jordan Eberle 1 (Chris Tanev 1) at 7:45
7. KELOWNA ROCKETS , Auston Matthews 1 (James van Riemsdyk 1, Drew Doughty 1) at 16:56

Penalties :
Mikko Rantanen (SAL) for Holding (Minor) at 0:11, Marcus Pettersson (KEL) for Holding (Minor) at 5:40, Scott Mayfield (SAL) for Slashing (Minor) at 11:13, Par Lindholm (SAL) for Diving (Minor) at 13:39, Vladimir Tarasenko (KEL) for Hooking (Minor) at 17:27, Anthony DeAngelo (SAL) for Hooking (Minor) at 18:46

3rd period

8. KELOWNA ROCKETS , Nick Bjugstad 1 (Anthony Cirelli 1) at 4:44
9. KELOWNA ROCKETS , Jordan Eberle 2 (Drew Doughty 2) at 7:03
10. SALEM BLACK JAYS , Mathew Barzal 2 (Cody Ceci 1, Mikko Rantanen 1) at 8:36
11. KELOWNA ROCKETS , Auston Matthews 2 (Vladimir Tarasenko 3, Alexander Ovechkin 1) at 13:13 (PP)

Penalties :
Auston Matthews (KEL) for Hooking (Minor) at 1:25, Dylan Larkin (SAL) for Boarding (Minor) at 4:46, Adam Larsson (SAL) for Interference (Minor) at 12:41

Goalie Stats

Tuukka Rask (KEL), 31 saves from 35 shots - (0,886), W, 1-0-0, 60:00 minutes
Mike Smith (SAL), 24 saves from 29 shots - (0,828), L, 0-1-0, 44:44 minutes
Juuse Saros (SAL), 5 saves from 7 shots - (0,714), 15:16 minutes

Players Stats for KELOWNA ROCKETS

Player Name              G  A  P  +/- PIM S  H  SB GA TA FO     MP     PP MP  PK MP  
------------------------------------------------------------------------------------
Alexander Ovechkin       2  1  3   0  0   5  2  0  0  0  0/0    21:05   5:55   0:55 
Anthony Cirelli          0  1  1   1  0   3  1  0  0  0  15/24  14:53   0:00   5:15 
Auston Matthews          2  0  2   0  2   7  0  0  0  0  21/39  22:27   6:21   2:04 
Chris Tanev              0  1  1   1  0   1  0  4  0  0  0/0    19:51   0:00   4:07 
Colby Cave               0  0  0   1  0   0  0  1  0  0  3/6     5:42   0:00   0:00 
Dmitri Orlov             0  0  0  -1  0   0  1  0  0  0  0/0    19:59   3:52   3:48 
Drew Doughty             0  2  2   4  0   0  3  3  0  0  0/0    23:36   0:00   4:10 
Evgeny Kuznetsov         0  2  2   1  2   0  0  0  0  0  16/20  16:20   3:26   0:00 
James van Riemsdyk       0  1  1   0  0   0  0  0  0  0  0/1    20:14   6:21   0:00 
Jeremy Groleau           0  0  0  -1  0   0  0  0  0  0  0/0     8:12   0:00   0:14 
Joakim Nordstrom         0  0  0   1  0   1  0  0  0  0  0/0     7:31   0:00   1:49 
Jordan Eberle            2  0  2   1  0   3  0  0  0  0  0/0     5:42   0:00   0:00 
Marcus Pettersson        0  0  0   3  2   1  1  1  0  0  0/0    20:43   5:55   0:39 
Nick Bjugstad            1  0  1   1  2   2  0  0  0  0  0/0    12:16   0:00   3:49 
Nikita Zadorov           0  0  0   1  0   0  5  0  0  0  0/0    21:43   3:52   2:52 
Pavel Buchnevich         0  0  0   1  0   2  0  0  0  0  0/0    11:54   3:26   0:00 
Tyler Bertuzzi           0  0  0   1  0   2  0  0  0  0  1/3    17:19   3:26   0:00 
Vladimir Tarasenko       0  3  3   0  2   9  1  0  0  0  3/6    21:53   6:21   1:58 

Players Stats for SALEM BLACK JAYS

Player Name              G  A  P  +/- PIM S  H  SB GA TA FO     MP     PP MP  PK MP  
------------------------------------------------------------------------------------
Adam Larsson             0  0  0  -1  2   0  1  6  0  0  0/0    27:31   3:45   4:44 
Anthony DeAngelo         0  0  0   0  2   0  0  0  0  0  0/0     3:26   2:05   0:55 
Casey Cizikas            0  0  0  -3  0   5  1  0  0  0  12/17  14:25   2:55   0:00 
Cody Ceci                0  1  1  -1  0   3  0  0  0  0  0/0    26:18   4:54   5:03 
Dylan Larkin             1  0  1  -3  2   6  1  0  0  0  0/1    19:40   5:00   2:13 
Filip Chytil             0  0  0  -2  0   1  0  0  0  0  0/1    14:34   0:00   0:00 
Jason Demers             0  0  0  -1  0   0  1  0  0  0  0/0     5:34   0:00   0:00 
Joshua Morrissey         0  1  1   1  0   0  1  1  0  0  0/0     9:44   2:04   0:47 
Kyle Clifford            0  0  0   0  0   0  0  0  0  0  0/0     1:43   0:00   0:35 
Mathew Barzal            2  1  3   2  0   4  1  0  0  0  9/21   25:00   2:55   6:59 
Matthew Calvert          0  0  0  -2  0   3  0  0  0  0  5/14   14:34   0:00   0:00 
Michal Kempny            0  0  0  -2  0   0  2  0  0  0  0/0    14:39   1:44   0:00 
Mikko Rantanen           1  1  2   1  2   3  3  0  0  0  6/19   23:13   5:00   2:20 
Mitchell Marner          0  3  3   2  0   3  3  0  0  0  5/22   26:56   5:00   6:50 
Par Lindholm             0  0  0  -2  2   1  2  0  0  0  2/3    14:33   0:00   0:00 
Scott Mayfield           0  0  0  -1  2   1  0  1  0  0  0/0    14:51   0:00   3:20 
Trevor Lewis             0  0  0  -3  0   5  0  0  0  0  1/1    14:52   2:55   0:37 
Zach Bogosian            0  0  0  -1  0   0  0  0  0  0  0/0    17:54   1:17   4:45 

3 Stars

1 - Alexander Ovechkin (KEL)
2 - Mathew Barzal (SAL)
3 - Drew Doughty (KEL)

Power Play

KELOWNA ROCKETS - 1 on 6 Attempt(s) - 16,67%
SALEM BLACK JAYS - 1 on 5 Attempt(s) - 20,00%

Penalty Kill

KELOWNA ROCKETS - 4 on 5 Attempt(s) - 80,00% - Score 0 goal in Penalty Kill
SALEM BLACK JAYS - 5 on 6 Attempt(s) - 83,33% - Score 1 goal in Penalty Kill

Team Stat

KELOWNA ROCKETS - Hits : 14 - Faceoff Wins : 59 - Blocked Shots : 9 - Penalty Minutes : 10
SALEM BLACK JAYS - Hits : 16 - Faceoff Wins : 40 - Blocked Shots : 8 - Penalty Minutes : 12

Official

Referees : Jon Mclsaac and Ghislain Hebert
Linesman : Dustin McCrank and Chris Libett

Game Notes

Joshua Morrissey is injured at 4:37 of 2nd period (Back)
Juuse Saros enters game at 4:44 of 3rd period
Evgeny Kuznetsov is injured at 17:42 of 3rd period (Strained Left Elbow)

Finance

Level 1 -- Attendance: 6000 (100,00%) -- Ticket Income 660 000 $
Level 2 -- Attendance: 5000 (100,00%) -- Ticket Income 350 000 $
Level 3 -- Attendance: 2000 (100,00%) -- Ticket Income 90 000 $
Level 4 -- Attendance: 4000 (100,00%) -- Ticket Income 140 000 $
Luxury Box -- Attendance: 1000 (100,00%) -- Ticket Income 210 000 $
Game was played at the Demon Arena.
Total Attendance: 18000 (100,00%)
Total Ticket Income: 1 450 000 $
Other Income: 464 000 $
Total Income: 1 914 000 $

KELOWNA ROCKETS

5 vs 5 Forward 
   Center                   Left Wing                Right Wing               Time % Phy DF OF 
 1 Evgeny Kuznetsov         Alexander Ovechkin       Vladimir Tarasenko       35     0   1  4  
 2 Auston Matthews          James van Riemsdyk       Tyler Bertuzzi           35     0   2  3  
 3 Anthony Cirelli          Pavel Buchnevich         Nick Bjugstad            23     0   3  2  
 4 Colby Cave               Joakim Nordstrom         Jordan Eberle            7      0   1  4  

5 vs 5 Defense 
   Defense                  Defense                                           Time % Phy DF OF 
 1 Drew Doughty             Marcus Pettersson                                 38     1   3  1  
 2 Chris Tanev              Nikita Zadorov                                    38     1   3  1  
 3 Dmitri Orlov             Drew Doughty                                      17     1   4  0  
 4 Dmitri Orlov             Jeremy Groleau                                    7      0   3  2  

PowerPlay Forward 
   Center                   Left Wing                Right Wing               Time % Phy DF OF 
 1 Auston Matthews          James van Riemsdyk       Vladimir Tarasenko       75     1   0  4  
 2 Evgeny Kuznetsov         Tyler Bertuzzi           Pavel Buchnevich         25     1   0  4  

PowerPlay Defense
   Defense                  Defense                                           Time % Phy DF OF 
 1 Marcus Pettersson        Alexander Ovechkin                                75     0   1  4  
 2 Nikita Zadorov           Dmitri Orlov                                      25     0   1  4  

Penalty Kill 4 Players Forward 
   Center                   Wing                     Time % Phy DF OF 
 1 Anthony Cirelli          Nick Bjugstad            55     1   4  0  
 2 Auston Matthews          Vladimir Tarasenko       45     1   4  0  

Penalty Kill 4 Players Defense
   Defense                  Defense                  Time % Phy DF OF 
 1 Chris Tanev              Drew Doughty             55     1   4  0  
 2 Nikita Zadorov           Dmitri Orlov             45     1   4  0  

Penalty Kill - 3 Players Forward 
   Forward                                           Time % Phy DF OF 
 1 Anthony Cirelli                                   55     0   5  0  
 2 Auston Matthews                                   45     0   5  0  

Penalty Kill - 3 Players Defense
   Defense                  Defense                  Time % Phy DF OF 
 1 Drew Doughty             Chris Tanev              55     1   4  0  
 2 Nikita Zadorov           Dmitri Orlov             45     1   4  0  

4 vs 4 Forward 
   Center                   Wing                     Time % Phy DF OF 
 1 Evgeny Kuznetsov         Alexander Ovechkin       50     0   2  3  
 2 Auston Matthews          Vladimir Tarasenko       50     0   2  3  

4 vs 4 Defense
   Defense                  Defense                  Time % Phy DF OF 
 1 Drew Doughty             Chris Tanev              50     1   2  2  
 2 Dmitri Orlov             Nikita Zadorov           50     1   2  2  

Last Minutes Offensive
   Center                   Left Wing                Right Wing               Defense                  Defense                  
   Auston Matthews          Alexander Ovechkin       Vladimir Tarasenko       Drew Doughty             Dmitri Orlov             

Last Minutes Defensive
   Center                   Left Wing                Right Wing               Defense                  Defense                  
   Auston Matthews          Anthony Cirelli          Vladimir Tarasenko       Drew Doughty             Chris Tanev              

Goaltenders
Starting : Tuukka Rask              
Backup : Maxime Lagace            

Extra Forwards
Normal : Alexander Ovechkin, Vladimir Tarasenko, Anthony Cirelli - PP : Anthony Cirelli, Nick Bjugstad - PK : Joakim Nordstrom
Extra Defensemen
Normal : Chris Tanev, Marcus Pettersson, Nikita Zadorov - PP : Drew Doughty - PK : Marcus Pettersson, Jeremy Groleau
Penalty Shots
Vladimir Tarasenko, Auston Matthews, Alexander Ovechkin, Evgeny Kuznetsov, James van Riemsdyk
Custom OT Lines Forwards
Evgeny Kuznetsov, Vladimir Tarasenko, Auston Matthews, Alexander Ovechkin, Anthony Cirelli, James van Riemsdyk, Tyler Bertuzzi, Pavel Buchnevich, Nick Bjugstad, Jordan Eberle
Custom OT Lines Defensemen
Drew Doughty, Chris Tanev, Dmitri Orlov, Marcus Pettersson, Nikita Zadorov

Scratches
Duncan Siemens (Healthy), Zack Mitchell (Healthy)

SALEM BLACK JAYS

5 vs 5 Forward 
   Center                   Left Wing                Right Wing               Time % Phy DF OF 
 1 Mitchell Marner          Mathew Barzal            Mikko Rantanen           36     1   2  2  
 2 Casey Cizikas            Dylan Larkin             Trevor Lewis             31     1   2  2  
 3 Matthew Calvert          Par Lindholm             Filip Chytil             23     1   2  2  
 4 Mikko Rantanen           Kyle Clifford            Dylan Larkin             10     1   2  2  

5 vs 5 Defense 
   Defense                  Defense                                           Time % Phy DF OF 
 1 Joshua Morrissey         Cody Ceci                                         36     1   2  2  
 2 Michal Kempny            Adam Larsson                                      31     1   2  2  
 3 Zach Bogosian            Scott Mayfield                                    23     1   2  2  
 4 Adam Larsson             Jason Demers                                      10     1   2  2  

PowerPlay Forward 
   Center                   Left Wing                Right Wing               Time % Phy DF OF 
 1 Mikko Rantanen           Mitchell Marner          Dylan Larkin             55     1   2  2  
 2 Mathew Barzal            Casey Cizikas            Trevor Lewis             45     1   2  2  

PowerPlay Defense
   Defense                  Defense                                           Time % Phy DF OF 
 1 Joshua Morrissey         Cody Ceci                                         55     1   2  2  
 2 Michal Kempny            Adam Larsson                                      45     1   2  2  

Penalty Kill 4 Players Forward 
   Center                   Wing                     Time % Phy DF OF 
 1 Mathew Barzal            Mitchell Marner          55     1   2  2  
 2 Mikko Rantanen           Dylan Larkin             45     1   2  2  

Penalty Kill 4 Players Defense
   Defense                  Defense                  Time % Phy DF OF 
 1 Adam Larsson             Joshua Morrissey         55     1   2  2  
 2 Cody Ceci                Zach Bogosian            45     1   2  2  

Penalty Kill - 3 Players Forward 
   Forward                                           Time % Phy DF OF 
 1 Mathew Barzal                                     55     1   2  2  
 2 Mitchell Marner                                   45     1   2  2  

Penalty Kill - 3 Players Defense
   Defense                  Defense                  Time % Phy DF OF 
 1 Joshua Morrissey         Adam Larsson             55     1   2  2  
 2 Jason Demers             Cody Ceci                45     1   2  2  

4 vs 4 Forward 
   Center                   Wing                     Time % Phy DF OF 
 1 Mitchell Marner          Mathew Barzal            55     1   2  2  
 2 Mikko Rantanen           Casey Cizikas            45     1   2  2  

4 vs 4 Defense
   Defense                  Defense                  Time % Phy DF OF 
 1 Cody Ceci                Zach Bogosian            55     1   2  2  
 2 Scott Mayfield           Adam Larsson             45     1   2  2  

Last Minutes Offensive
   Center                   Left Wing                Right Wing               Defense                  Defense                  
   Mitchell Marner          Mathew Barzal            Mikko Rantanen           Joshua Morrissey         Cody Ceci                

Last Minutes Defensive
   Center                   Left Wing                Right Wing               Defense                  Defense                  
   Mitchell Marner          Mathew Barzal            Mikko Rantanen           Joshua Morrissey         Cody Ceci                

Goaltenders
Starting : Mike Smith               
Backup : Juuse Saros              

Extra Forwards
Normal : Mitchell Marner, Mathew Barzal, Mikko Rantanen - PP : Mitchell Marner, Mathew Barzal - PK : Mathew Barzal
Extra Defensemen
Normal : Adam Larsson, Joshua Morrissey, Michal Kempny - PP : Adam Larsson - PK : Scott Mayfield, Adam Larsson
Penalty Shots
Mitchell Marner, Casey Cizikas, Mikko Rantanen, Mathew Barzal, Matthew Calvert
Custom OT Lines Forwards
Mitchell Marner, Mikko Rantanen, Mathew Barzal, Matthew Calvert, Casey Cizikas, Par Lindholm, Filip Chytil, Dylan Larkin, Kyle Clifford, Trevor Lewis
Custom OT Lines Defensemen
Joshua Morrissey, Adam Larsson, Michal Kempny, Scott Mayfield, Jason Demers

Scratches
Andrew Welinski (Healthy), Calle Rosen (Healthy), Brett Ritchie (Healthy), Curtis Lazar (Healthy), Devante Stephens (Healthy)
Jimmy Schuldt (Healthy), Kevin Gravel (Healthy), Nicolas Kerdiles (Healthy), Scott Kosmachuk (Healthy), Spencer Foo (Healthy)
Tobias Rieder (Healthy), Harri Sateri (Healthy)

% Time on Ice - KELOWNA ROCKETS

Lines # - Real PCT - Wanted PCT - Time Play
Normal Forward
1 - 33% - 35% - 13:35
2 - 33% - 35% - 13:53
3 - 20% - 23% - 8:28
4 - 14% - 7% - 5:42
Normal Defense
1 - 34% - 38% - 14:10
2 - 37% - 38% - 15:14
3 - 10% - 17% - 4:16
4 - 19% - 7% - 7:58
PP Forward
1 - 65% - 75% - 6:21
2 - 35% - 25% - 3:26
PP Defense
1 - 60% - 75% - 5:55
2 - 40% - 25% - 3:52
PK Forward
1 - 65% - 55% - 5:11
2 - 35% - 45% - 2:44
PK Defense
1 - 52% - 55% - 4:07
2 - 48% - 45% - 3:48
PK3 Forward
1 - 0% - 55%
2 - 0% - 45%
PK3 Defense
1 - 0% - 55%
2 - 0% - 45%
44 Forward
1 - 75% - 50% - 0:30
2 - 25% - 50% - 0:10
44 Defense
1 - 75% - 50% - 0:30
2 - 25% - 50% - 0:10
Last Minute Offensive  - 0:00
Last Minute Defensive  - 0:00
Total
Forward - 60:00
Defense - 60:00

% Time on Ice - SALEM BLACK JAYS

Lines # - Real PCT - Wanted PCT - Time Play
Normal Forward
1 - 35% - 36% - 14:36
2 - 27% - 31% - 11:20
3 - 35% - 23% - 14:34
4 - 3% - 10% - 1:08
Normal Defense
1 - 39% - 36% - 16:09
2 - 21% - 31% - 8:33
3 - 27% - 23% - 11:22
4 - 13% - 10% - 5:34
PP Forward
1 - 63% - 55% - 5:00
2 - 37% - 45% - 2:55
PP Defense
1 - 78% - 55% - 6:11
2 - 22% - 45% - 1:44
PK Forward
1 - 70% - 55% - 6:50
2 - 30% - 45% - 2:57
PK Defense
1 - 51% - 55% - 5:02
2 - 49% - 45% - 4:45
PK3 Forward
1 - 0% - 55%
2 - 0% - 45%
PK3 Defense
1 - 0% - 55%
2 - 0% - 45%
44 Forward
1 - 75% - 55% - 0:30
2 - 25% - 45% - 0:10
44 Defense
1 - 75% - 55% - 0:30
2 - 25% - 45% - 0:10
Last Minute Offensive  - 0:00
Last Minute Defensive  - 0:00
Total
Forward - 60:00
Defense - 60:00

Play-by-Play

1st period


0:01 of 1st period - Evgeny Kuznetsov wins face-off versus Mitchell Marner in neutral zone.
0:22 of 1st period - Shot by Mathew Barzal.
0:22 of 1st period - Stopped by Tuukka Rask without a rebound.
0:23 of 1st period - Casey Cizikas wins face-off versus Auston Matthews in KELOWNA ROCKETS zone.
0:40 of 1st period - Shot by Trevor Lewis.
0:40 of 1st period - Stopped by Tuukka Rask without a rebound.
0:41 of 1st period - Matthew Calvert wins face-off versus Anthony Cirelli in KELOWNA ROCKETS zone.
0:45 of 1st period - Par Lindholm is hit by Dmitri Orlov and loses puck.
1:01 of 1st period - Scott Mayfield is hit by Drew Doughty and loses puck.
1:45 of 1st period - Shot by Casey Cizikas.
1:45 of 1st period - Stopped by Tuukka Rask with a rebound.
2:03 of 1st period - Shot by Dylan Larkin.
2:03 of 1st period - Stopped by Tuukka Rask without a rebound.
2:04 of 1st period - Auston Matthews wins face-off versus Mitchell Marner in KELOWNA ROCKETS zone.
2:29 of 1st period - Mathew Barzal is hit by Nikita Zadorov and loses puck.
2:40 of 1st period - Shot by Auston Matthews.
2:40 of 1st period - Shot Misses the Net.
2:42 of 1st period - Shot by Chris Tanev.
2:42 of 1st period - Stopped by Mike Smith with a rebound.
3:00 of 1st period - Shot by Vladimir Tarasenko.
3:00 of 1st period - Stopped by Mike Smith without a rebound.
3:01 of 1st period - Evgeny Kuznetsov wins face-off versus Dylan Larkin in SALEM BLACK JAYS zone.
3:03 of 1st period - Alexander Ovechkin is hit by Jason Demers and loses puck.
3:14 of 1st period - Shot by Alexander Ovechkin.
3:14 of 1st period - Goal by Alexander Ovechkin - KELOWNA ROCKETS : 1 - SALEM BLACK JAYS : 0.
3:15 of 1st period - Par Lindholm wins face-off versus Colby Cave in neutral zone.
3:59 of 1st period - Off-side.
4:00 of 1st period - Evgeny Kuznetsov wins face-off versus Mikko Rantanen in neutral zone.
4:02 of 1st period - Vladimir Tarasenko is hit by Adam Larsson and loses puck.
4:08 of 1st period - Minor Penalty to Evgeny Kuznetsov for Holding.
4:09 of 1st period - Anthony Cirelli wins face-off versus Mikko Rantanen in KELOWNA ROCKETS zone.
4:09 of 1st period - Anthony Cirelli is hit by Mikko Rantanen.
4:35 of 1st period - Shot by Dylan Larkin.
4:35 of 1st period - Shot Blocked by Chris Tanev.
4:37 of 1st period - Shot by Joshua Morrissey.
4:37 of 1st period - Deflect By Dylan Larkin.
4:37 of 1st period - Shot Misses the Net.
4:39 of 1st period - Shot by Cody Ceci.
4:39 of 1st period - Stopped by Tuukka Rask with a rebound.
4:41 of 1st period - Shot by Mikko Rantanen.
4:41 of 1st period - Shot Misses the Net.
4:43 of 1st period - Shot by Mitchell Marner.
4:43 of 1st period - Shot Misses the Net.
4:45 of 1st period - Shot by Joshua Morrissey.
4:45 of 1st period - Shot Misses the Net.
4:47 of 1st period - Shot by Dylan Larkin.
4:47 of 1st period - Goal by Dylan Larkin - KELOWNA ROCKETS : 1 - SALEM BLACK JAYS : 1.
4:48 of 1st period - Matthew Calvert wins face-off versus Evgeny Kuznetsov in neutral zone.
5:09 of 1st period - Shot by Matthew Calvert.
5:09 of 1st period - Stopped by Tuukka Rask with a rebound.
5:11 of 1st period - Shot by Matthew Calvert.
5:11 of 1st period - Shot Misses the Net.
5:41 of 1st period - Icing by Vladimir Tarasenko.
5:42 of 1st period - Evgeny Kuznetsov wins face-off versus Mathew Barzal in KELOWNA ROCKETS zone.
5:49 of 1st period - Mitchell Marner is hit by Vladimir Tarasenko and loses puck.
6:27 of 1st period - Shot by Mikko Rantanen.
6:27 of 1st period - Shot Blocked by Marcus Pettersson.
6:29 of 1st period - Shot by Mathew Barzal.
6:29 of 1st period - Shot Blocked by Drew Doughty.
6:31 of 1st period - Shot by Mitchell Marner.
6:31 of 1st period - Stopped by Tuukka Rask without a rebound.
6:32 of 1st period - Casey Cizikas wins face-off versus Auston Matthews in KELOWNA ROCKETS zone.
6:33 of 1st period - Shot by Dylan Larkin.
6:33 of 1st period - Stopped by Tuukka Rask without a rebound.
6:34 of 1st period - Casey Cizikas wins face-off versus Auston Matthews in KELOWNA ROCKETS zone.
6:40 of 1st period - Icing by Auston Matthews.
6:41 of 1st period - Casey Cizikas wins face-off versus Auston Matthews in KELOWNA ROCKETS zone.
6:42 of 1st period - Shot by Dylan Larkin.
6:42 of 1st period - Shot Misses the Net.
6:46 of 1st period - Shot by Dylan Larkin.
6:46 of 1st period - Shot Blocked by Chris Tanev.
7:14 of 1st period - Shot by Dylan Larkin.
7:14 of 1st period - Shot Blocked by Chris Tanev.
7:16 of 1st period - Shot by Dylan Larkin.
7:16 of 1st period - Shot Misses the Net.
7:37 of 1st period - Minor Penalty to Nick Bjugstad for Tripping.
7:38 of 1st period - Anthony Cirelli wins face-off versus Mikko Rantanen in KELOWNA ROCKETS zone.
7:54 of 1st period - Icing by Joshua Morrissey.
7:55 of 1st period - Mikko Rantanen wins face-off versus Anthony Cirelli in SALEM BLACK JAYS zone.
8:29 of 1st period - Mitchell Marner is hit by Drew Doughty and loses puck.
9:08 of 1st period - Shot by Anthony Cirelli.
9:08 of 1st period - Stopped by Mike Smith with a rebound.
9:16 of 1st period - Shot by Anthony Cirelli.
9:16 of 1st period - Shot Blocked by Adam Larsson.
9:27 of 1st period - Shot by Anthony Cirelli.
9:27 of 1st period - Shot Misses the Net.
9:29 of 1st period - Shot by Alexander Ovechkin.
9:29 of 1st period - Shot Blocked by Adam Larsson.
9:41 of 1st period - Shot by Filip Chytil.
9:41 of 1st period - Stopped by Tuukka Rask without a rebound.
9:42 of 1st period - Par Lindholm wins face-off versus Colby Cave in KELOWNA ROCKETS zone.
10:10 of 1st period - Shot by Matthew Calvert.
10:10 of 1st period - Shot Misses the Net.
10:13 of 1st period - Icing by Nikita Zadorov.
10:14 of 1st period - Mitchell Marner wins face-off versus Colby Cave in KELOWNA ROCKETS zone.
11:03 of 1st period - Shot by Auston Matthews.
11:03 of 1st period - Deflect By Tyler Bertuzzi.
11:03 of 1st period - Shot Misses the Net.
11:05 of 1st period - Shot by Auston Matthews.
11:05 of 1st period - Stopped by Mike Smith with a rebound.
11:07 of 1st period - Shot by Auston Matthews.
11:07 of 1st period - Stopped by Mike Smith without a rebound.
11:08 of 1st period - Evgeny Kuznetsov wins face-off versus Filip Chytil in SALEM BLACK JAYS zone.
11:19 of 1st period - Shot by Vladimir Tarasenko.
11:19 of 1st period - Shot Misses the Net.
12:53 of 1st period - Shot by Auston Matthews.
12:53 of 1st period - Shot Blocked by Scott Mayfield.
13:10 of 1st period - Icing by Chris Tanev.
13:11 of 1st period - Anthony Cirelli wins face-off versus Mitchell Marner in KELOWNA ROCKETS zone.
13:20 of 1st period - Shot by Anthony Cirelli.
13:20 of 1st period - Shot Misses the Net.
13:27 of 1st period - Anthony Cirelli is hit by Michal Kempny and loses puck.
13:36 of 1st period - Shot by Mitchell Marner.
13:36 of 1st period - Shot Misses the Net.
13:38 of 1st period - Shot by Mikko Rantanen.
13:38 of 1st period - Stopped by Tuukka Rask without a rebound.
13:39 of 1st period - Evgeny Kuznetsov wins face-off versus Matthew Calvert in KELOWNA ROCKETS zone.
13:39 of 1st period - Evgeny Kuznetsov is hit by Par Lindholm.
13:47 of 1st period - Shot by Alexander Ovechkin.
13:47 of 1st period - Shot Misses the Net.
13:49 of 1st period - Shot by Drew Doughty.
13:49 of 1st period - Deflect By Alexander Ovechkin.
13:49 of 1st period - Stopped by Mike Smith without a rebound.
13:50 of 1st period - Mitchell Marner wins face-off versus Auston Matthews in SALEM BLACK JAYS zone.
14:00 of 1st period - Icing by Dmitri Orlov.
14:01 of 1st period - Mikko Rantanen wins face-off versus Auston Matthews in KELOWNA ROCKETS zone.
14:12 of 1st period - Shot by Mikko Rantanen.
14:12 of 1st period - Shot Misses the Net.
14:20 of 1st period - Shot by Dylan Larkin.
14:20 of 1st period - Stopped by Tuukka Rask without a rebound.
14:21 of 1st period - Anthony Cirelli wins face-off versus Matthew Calvert in KELOWNA ROCKETS zone.
14:44 of 1st period - Shot by Pavel Buchnevich.
14:44 of 1st period - Shot Misses the Net.
14:46 of 1st period - Shot by Anthony Cirelli.
14:46 of 1st period - Shot Misses the Net.
14:54 of 1st period - Shot by Anthony Cirelli.
14:54 of 1st period - Stopped by Mike Smith with a rebound.
14:56 of 1st period - Shot by Nick Bjugstad.
14:56 of 1st period - Shot Misses the Net.
15:13 of 1st period - Icing by Drew Doughty.
15:14 of 1st period - Vladimir Tarasenko wins face-off versus Mitchell Marner in KELOWNA ROCKETS zone.
15:23 of 1st period - Shot by Evgeny Kuznetsov.
15:23 of 1st period - Shot Misses the Net.
15:37 of 1st period - Shot by Alexander Ovechkin.
15:37 of 1st period - Shot Misses the Net.
15:39 of 1st period - Shot by Alexander Ovechkin.
15:39 of 1st period - Shot Misses the Net.
16:41 of 1st period - Icing by Auston Matthews.
16:42 of 1st period - Auston Matthews wins face-off versus Matthew Calvert in KELOWNA ROCKETS zone.
17:09 of 1st period - Shot by Anthony Cirelli.
17:09 of 1st period - Shot Blocked by Adam Larsson.
17:11 of 1st period - Shot by Anthony Cirelli.
17:11 of 1st period - Shot Misses the Net.
17:13 of 1st period - Shot by Anthony Cirelli.
17:13 of 1st period - Shot Misses the Net.
18:01 of 1st period - Michal Kempny is hit by Alexander Ovechkin and loses puck.
18:16 of 1st period - Shot by Alexander Ovechkin.
18:16 of 1st period - Shot Misses the Net.
18:28 of 1st period - Shot by Alexander Ovechkin.
18:28 of 1st period - Shot Blocked by Adam Larsson.
19:12 of 1st period - Icing by Cody Ceci.
19:13 of 1st period - Trevor Lewis wins face-off versus Anthony Cirelli in SALEM BLACK JAYS zone.
19:15 of 1st period - Icing by Dylan Larkin.
19:16 of 1st period - Casey Cizikas wins face-off versus Anthony Cirelli in SALEM BLACK JAYS zone.
19:23 of 1st period - Shot by Trevor Lewis.
19:23 of 1st period - Stopped by Tuukka Rask without a rebound.
19:24 of 1st period - Evgeny Kuznetsov wins face-off versus Mitchell Marner in KELOWNA ROCKETS zone.
19:29 of 1st period - Scott Mayfield is hit by Alexander Ovechkin and loses puck.
19:58 of 1st period - Shot by Mikko Rantanen.
19:58 of 1st period - Goal by Mikko Rantanen - KELOWNA ROCKETS : 1 - SALEM BLACK JAYS : 2.
19:59 of 1st period - Auston Matthews wins face-off versus Casey Cizikas in neutral zone.
Goals for this period are 1 for KELOWNA ROCKETS vs 2 for SALEM BLACK JAYS.
Shots for this period are 8 for KELOWNA ROCKETS vs 14 for SALEM BLACK JAYS.

2nd period


0:01 of 2nd period - Tyler Bertuzzi wins face-off versus Mitchell Marner in neutral zone.
0:03 of 2nd period - Auston Matthews is hit by Joshua Morrissey and loses puck.
0:11 of 2nd period - Minor Penalty to Mikko Rantanen for Holding.
0:12 of 2nd period - Mathew Barzal wins face-off versus Auston Matthews in SALEM BLACK JAYS zone.
0:44 of 2nd period - Icing by Alexander Ovechkin.
0:45 of 2nd period - Mathew Barzal wins face-off versus James van Riemsdyk in KELOWNA ROCKETS zone.
0:46 of 2nd period - Shot by Mitchell Marner.
0:46 of 2nd period - Deflect By Mathew Barzal.
0:46 of 2nd period - Goal by Mathew Barzal - KELOWNA ROCKETS : 1 - SALEM BLACK JAYS : 3.
0:47 of 2nd period - Mathew Barzal wins face-off versus Evgeny Kuznetsov in neutral zone.
1:28 of 2nd period - Shot by Tyler Bertuzzi.
1:28 of 2nd period - Stopped by Mike Smith with a rebound.
1:30 of 2nd period - Shot by Nikita Zadorov.
1:30 of 2nd period - Shot Hit the Post.
1:45 of 2nd period - Icing by Auston Matthews.
1:46 of 2nd period - Auston Matthews wins face-off versus Mathew Barzal in KELOWNA ROCKETS zone.
2:22 of 2nd period - Shot by Jordan Eberle.
2:22 of 2nd period - Shot Misses the Net.
2:24 of 2nd period - Shot by Joakim Nordstrom.
2:24 of 2nd period - Stopped by Mike Smith with a rebound.
3:28 of 2nd period - Shot by Pavel Buchnevich.
3:28 of 2nd period - Stopped by Mike Smith without a rebound.
3:29 of 2nd period - Auston Matthews wins face-off versus Mitchell Marner in SALEM BLACK JAYS zone.
3:40 of 2nd period - Shot by James van Riemsdyk.
3:40 of 2nd period - Shot Misses the Net.
3:42 of 2nd period - Shot by Auston Matthews.
3:42 of 2nd period - Shot Misses the Net.
3:44 of 2nd period - Shot by Drew Doughty.
3:44 of 2nd period - Shot Misses the Net.
3:46 of 2nd period - Shot by Auston Matthews.
3:46 of 2nd period - Deflect By Tyler Bertuzzi.
3:46 of 2nd period - Shot Misses the Net.
4:27 of 2nd period - Icing by Cody Ceci.
4:28 of 2nd period - Evgeny Kuznetsov wins face-off versus Mitchell Marner in SALEM BLACK JAYS zone.
4:35 of 2nd period - Shot by Vladimir Tarasenko.
4:35 of 2nd period - Deflect By Alexander Ovechkin.
4:35 of 2nd period - Shot Misses the Net.
4:37 of 2nd period - Shot by Alexander Ovechkin.
4:37 of 2nd period - Deflect By Vladimir Tarasenko.
4:37 of 2nd period - Shot Blocked by Joshua Morrissey.
4:37 of 2nd period - Joshua Morrissey from SALEM BLACK JAYS is injured at 4:37 of 2nd period (Back).
4:38 of 2nd period - Casey Cizikas wins face-off versus Vladimir Tarasenko in SALEM BLACK JAYS zone.
5:05 of 2nd period - Icing by Chris Tanev.
5:06 of 2nd period - Evgeny Kuznetsov wins face-off versus Matthew Calvert in KELOWNA ROCKETS zone.
5:21 of 2nd period - Shot by Alexander Ovechkin.
5:21 of 2nd period - Goal by Alexander Ovechkin - KELOWNA ROCKETS : 2 - SALEM BLACK JAYS : 3.
5:22 of 2nd period - Auston Matthews wins face-off versus Mikko Rantanen in neutral zone.
5:40 of 2nd period - Minor Penalty to Marcus Pettersson for Holding.
5:41 of 2nd period - Mathew Barzal wins face-off versus Anthony Cirelli in KELOWNA ROCKETS zone.
5:59 of 2nd period - Casey Cizikas is hit by Nikita Zadorov and loses puck.
6:17 of 2nd period - Casey Cizikas is hit by Nikita Zadorov and loses puck.
7:45 of 2nd period - Shot by Jordan Eberle.
7:45 of 2nd period - Goal by Jordan Eberle - KELOWNA ROCKETS : 3 - SALEM BLACK JAYS : 3.
7:46 of 2nd period - Colby Cave wins face-off versus Par Lindholm in neutral zone.
7:54 of 2nd period - Shot by Par Lindholm.
7:54 of 2nd period - Stopped by Tuukka Rask without a rebound.
7:55 of 2nd period - Auston Matthews wins face-off versus Matthew Calvert in KELOWNA ROCKETS zone.
8:06 of 2nd period - Shot by Matthew Calvert.
8:06 of 2nd period - Stopped by Tuukka Rask without a rebound.
8:07 of 2nd period - Vladimir Tarasenko wins face-off versus Mitchell Marner in KELOWNA ROCKETS zone.
8:22 of 2nd period - Icing by Michal Kempny.
8:23 of 2nd period - Mitchell Marner wins face-off versus Auston Matthews in SALEM BLACK JAYS zone.
8:27 of 2nd period - Icing by Mitchell Marner.
8:28 of 2nd period - Auston Matthews wins face-off versus Mitchell Marner in SALEM BLACK JAYS zone.
9:02 of 2nd period - Shot by Auston Matthews.
9:02 of 2nd period - Deflect By James van Riemsdyk.
9:02 of 2nd period - Shot Misses the Net.
9:12 of 2nd period - Shot by Auston Matthews.
9:12 of 2nd period - Shot Misses the Net.
9:51 of 2nd period - Shot by Alexander Ovechkin.
9:51 of 2nd period - Stopped by Mike Smith without a rebound.
9:52 of 2nd period - Anthony Cirelli wins face-off versus Matthew Calvert in SALEM BLACK JAYS zone.
11:09 of 2nd period - Zach Bogosian is hit by Nikita Zadorov and loses puck.
11:13 of 2nd period - Minor Penalty to Scott Mayfield for Slashing.
11:14 of 2nd period - Mathew Barzal wins face-off versus Auston Matthews in SALEM BLACK JAYS zone.
11:29 of 2nd period - Shot by Alexander Ovechkin.
11:29 of 2nd period - Shot Misses the Net.
12:11 of 2nd period - Shot by Tyler Bertuzzi.
12:11 of 2nd period - Shot Misses the Net.
12:23 of 2nd period - Mikko Rantanen is hit by Nikita Zadorov and loses puck.
13:35 of 2nd period - Shot by Dylan Larkin.
13:35 of 2nd period - Shot Misses the Net.
13:37 of 2nd period - Shot by Scott Mayfield.
13:37 of 2nd period - Stopped by Tuukka Rask without a rebound.
13:38 of 2nd period - Anthony Cirelli wins face-off versus Matthew Calvert in KELOWNA ROCKETS zone.
13:38 of 2nd period - Anthony Cirelli is hit by Par Lindholm.
13:39 of 2nd period - Minor Penalty to Par Lindholm for Diving.
13:40 of 2nd period - Mathew Barzal wins face-off versus Auston Matthews in SALEM BLACK JAYS zone.
13:51 of 2nd period - Shot by Vladimir Tarasenko.
13:51 of 2nd period - Stopped by Mike Smith without a rebound.
13:52 of 2nd period - Mathew Barzal wins face-off versus Auston Matthews in SALEM BLACK JAYS zone.
14:25 of 2nd period - Shot by Auston Matthews.
14:25 of 2nd period - Stopped by Mike Smith without a rebound.
14:26 of 2nd period - Evgeny Kuznetsov wins face-off versus Mathew Barzal in SALEM BLACK JAYS zone.
14:27 of 2nd period - Shot by Alexander Ovechkin.
14:27 of 2nd period - Stopped by Mike Smith without a rebound.
14:28 of 2nd period - Evgeny Kuznetsov wins face-off versus Mathew Barzal in SALEM BLACK JAYS zone.
14:49 of 2nd period - Shot by Mathew Barzal.
14:49 of 2nd period - Stopped by Tuukka Rask without a rebound.
14:50 of 2nd period - Auston Matthews wins face-off versus Mathew Barzal in KELOWNA ROCKETS zone.
15:01 of 2nd period - Shot by Auston Matthews.
15:01 of 2nd period - Deflect By Vladimir Tarasenko.
15:01 of 2nd period - Stopped by Mike Smith without a rebound.
15:02 of 2nd period - Auston Matthews wins face-off versus Mikko Rantanen in SALEM BLACK JAYS zone.
15:12 of 2nd period - Icing by Auston Matthews.
15:13 of 2nd period - Auston Matthews wins face-off versus Mathew Barzal in KELOWNA ROCKETS zone.
15:24 of 2nd period - Shot by Vladimir Tarasenko.
15:24 of 2nd period - Stopped by Mike Smith with a rebound.
15:26 of 2nd period - Shot by Auston Matthews.
15:26 of 2nd period - Shot Blocked by Adam Larsson.
15:28 of 2nd period - Shot by Auston Matthews.
15:28 of 2nd period - Shot Misses the Net.
15:48 of 2nd period - Casey Cizikas is hit by Anthony Cirelli and loses puck.
16:11 of 2nd period - Shot by Trevor Lewis.
16:11 of 2nd period - Shot Misses the Net.
16:37 of 2nd period - Shot by Mitchell Marner.
16:37 of 2nd period - Deflect By Mikko Rantanen.
16:37 of 2nd period - Stopped by Tuukka Rask without a rebound.
16:38 of 2nd period - Auston Matthews wins face-off versus Mitchell Marner in KELOWNA ROCKETS zone.
16:38 of 2nd period - Auston Matthews is hit by Mitchell Marner.
16:56 of 2nd period - Shot by Auston Matthews.
16:56 of 2nd period - Goal by Auston Matthews - KELOWNA ROCKETS : 4 - SALEM BLACK JAYS : 3.
16:57 of 2nd period - Evgeny Kuznetsov wins face-off versus Matthew Calvert in neutral zone.
17:27 of 2nd period - Minor Penalty to Vladimir Tarasenko for Hooking.
17:28 of 2nd period - Anthony Cirelli wins face-off versus Mikko Rantanen in KELOWNA ROCKETS zone.
18:46 of 2nd period - Minor Penalty to Anthony DeAngelo for Hooking.
18:47 of 2nd period - Evgeny Kuznetsov wins face-off versus Mitchell Marner in SALEM BLACK JAYS zone.
19:16 of 2nd period - Shot by Mitchell Marner.
19:16 of 2nd period - Stopped by Tuukka Rask without a rebound.
19:17 of 2nd period - Auston Matthews wins face-off versus Mikko Rantanen in KELOWNA ROCKETS zone.
19:31 of 2nd period - Shot by Auston Matthews.
19:31 of 2nd period - Stopped by Mike Smith without a rebound.
19:32 of 2nd period - Auston Matthews wins face-off versus Mikko Rantanen in SALEM BLACK JAYS zone.
19:35 of 2nd period - Shot by Vladimir Tarasenko.
19:35 of 2nd period - Stopped by Mike Smith without a rebound.
19:36 of 2nd period - Mathew Barzal wins face-off versus Vladimir Tarasenko in SALEM BLACK JAYS zone.
19:42 of 2nd period - Icing by Alexander Ovechkin.
19:43 of 2nd period - Mathew Barzal wins face-off versus Auston Matthews in KELOWNA ROCKETS zone.
19:54 of 2nd period - Shot by Vladimir Tarasenko.
19:54 of 2nd period - Stopped by Mike Smith without a rebound.
19:55 of 2nd period - Auston Matthews wins face-off versus Mathew Barzal in SALEM BLACK JAYS zone.
Goals for this period are 3 for KELOWNA ROCKETS vs 1 for SALEM BLACK JAYS.
Shots for this period are 15 for KELOWNA ROCKETS vs 7 for SALEM BLACK JAYS.

3rd period


0:01 of 3rd period - Auston Matthews wins face-off versus Mathew Barzal in neutral zone.
0:18 of 3rd period - Shot by Vladimir Tarasenko.
0:18 of 3rd period - Shot Misses the Net.
0:32 of 3rd period - Shot by Vladimir Tarasenko.
0:32 of 3rd period - Stopped by Mike Smith without a rebound.
0:33 of 3rd period - Mikko Rantanen wins face-off versus Evgeny Kuznetsov in SALEM BLACK JAYS zone.
1:18 of 3rd period - Shot by Jordan Eberle.
1:18 of 3rd period - Stopped by Mike Smith without a rebound.
1:19 of 3rd period - Auston Matthews wins face-off versus Mitchell Marner in SALEM BLACK JAYS zone.
1:24 of 3rd period - Shot by James van Riemsdyk.
1:24 of 3rd period - Shot Misses the Net.
1:25 of 3rd period - Minor Penalty to Auston Matthews for Hooking.
1:26 of 3rd period - Anthony Cirelli wins face-off versus Mikko Rantanen in KELOWNA ROCKETS zone.
1:34 of 3rd period - Icing by Mitchell Marner.
1:35 of 3rd period - Mikko Rantanen wins face-off versus Anthony Cirelli in SALEM BLACK JAYS zone.
1:39 of 3rd period - Mikko Rantanen is hit by Drew Doughty and loses puck.
2:42 of 3rd period - Shot by Casey Cizikas.
2:42 of 3rd period - Shot Blocked by Drew Doughty.
2:44 of 3rd period - Shot by Trevor Lewis.
2:44 of 3rd period - Stopped by Tuukka Rask without a rebound.
2:45 of 3rd period - Vladimir Tarasenko wins face-off versus Mathew Barzal in KELOWNA ROCKETS zone.
2:45 of 3rd period - Vladimir Tarasenko is hit by Casey Cizikas.
3:13 of 3rd period - Shot by Casey Cizikas.
3:13 of 3rd period - Stopped by Tuukka Rask without a rebound.
3:14 of 3rd period - Anthony Cirelli wins face-off versus Mikko Rantanen in KELOWNA ROCKETS zone.
3:31 of 3rd period - Shot by Matthew Calvert.
3:31 of 3rd period - Shot Hit the Post.
3:59 of 3rd period - Shot by Tyler Bertuzzi.
3:59 of 3rd period - Stopped by Mike Smith with a rebound.
4:01 of 3rd period - Shot by James van Riemsdyk.
4:01 of 3rd period - Shot Misses the Net.
4:03 of 3rd period - Shot by James van Riemsdyk.
4:03 of 3rd period - Deflect By Auston Matthews.
4:03 of 3rd period - Stopped by Mike Smith without a rebound.
4:04 of 3rd period - Evgeny Kuznetsov wins face-off versus Mitchell Marner in SALEM BLACK JAYS zone.
4:40 of 3rd period - Shot by Vladimir Tarasenko.
4:40 of 3rd period - Stopped by Mike Smith without a rebound.
4:41 of 3rd period - Anthony Cirelli wins face-off versus Casey Cizikas in SALEM BLACK JAYS zone.
4:44 of 3rd period - Shot by Nick Bjugstad.
4:44 of 3rd period - Goal by Nick Bjugstad - KELOWNA ROCKETS : 5 - SALEM BLACK JAYS : 3.
4:44 of 3rd period - Juuse Saros enters game.
4:45 of 3rd period - Auston Matthews wins face-off versus Casey Cizikas in neutral zone.
4:45 of 3rd period - James van Riemsdyk is hit by Dylan Larkin and loses puck.
4:46 of 3rd period - Minor Penalty to Dylan Larkin for Boarding.
4:47 of 3rd period - Auston Matthews wins face-off versus Mathew Barzal in SALEM BLACK JAYS zone.
4:59 of 3rd period - Icing by Vladimir Tarasenko.
5:00 of 3rd period - Auston Matthews wins face-off versus Mathew Barzal in KELOWNA ROCKETS zone.
5:21 of 3rd period - Shot by Alexander Ovechkin.
5:21 of 3rd period - Shot Misses the Net.
5:23 of 3rd period - Shot by Auston Matthews.
5:23 of 3rd period - Shot Misses the Net.
5:29 of 3rd period - Shot by Alexander Ovechkin.
5:29 of 3rd period - Shot Misses the Net.
5:31 of 3rd period - Shot by Auston Matthews.
5:31 of 3rd period - Shot Misses the Net.
5:33 of 3rd period - Shot by Auston Matthews.
5:33 of 3rd period - Shot Misses the Net.
5:35 of 3rd period - Shot by Marcus Pettersson.
5:35 of 3rd period - Stopped by Juuse Saros without a rebound.
5:36 of 3rd period - Evgeny Kuznetsov wins face-off versus Mikko Rantanen in SALEM BLACK JAYS zone.
5:51 of 3rd period - Icing by Dmitri Orlov.
5:52 of 3rd period - Mikko Rantanen wins face-off versus Tyler Bertuzzi in KELOWNA ROCKETS zone.
7:03 of 3rd period - Shot by Jordan Eberle.
7:03 of 3rd period - Goal by Jordan Eberle - KELOWNA ROCKETS : 6 - SALEM BLACK JAYS : 3.
7:04 of 3rd period - Matthew Calvert wins face-off versus Vladimir Tarasenko in neutral zone.
8:28 of 3rd period - Shot by Mikko Rantanen.
8:28 of 3rd period - Deflect By Mitchell Marner.
8:28 of 3rd period - Shot Misses the Net.
8:30 of 3rd period - Shot by Cody Ceci.
8:30 of 3rd period - Shot Misses the Net.
8:32 of 3rd period - Shot by Mikko Rantanen.
8:32 of 3rd period - Shot Misses the Net.
8:34 of 3rd period - Shot by Cody Ceci.
8:34 of 3rd period - Stopped by Tuukka Rask with a rebound.
8:36 of 3rd period - Shot by Mathew Barzal.
8:36 of 3rd period - Goal by Mathew Barzal - KELOWNA ROCKETS : 6 - SALEM BLACK JAYS : 4.
8:37 of 3rd period - Casey Cizikas wins face-off versus Auston Matthews in neutral zone.
8:57 of 3rd period - Off-side.
8:58 of 3rd period - Anthony Cirelli wins face-off versus Mitchell Marner in neutral zone.
9:50 of 3rd period - Icing by Adam Larsson.
9:51 of 3rd period - Mikko Rantanen wins face-off versus Auston Matthews in SALEM BLACK JAYS zone.
9:58 of 3rd period - Nikita Zadorov is hit by Mikko Rantanen and loses puck.
10:19 of 3rd period - Shot by Casey Cizikas.
10:19 of 3rd period - Stopped by Tuukka Rask with a rebound.
10:21 of 3rd period - Shot by Dylan Larkin.
10:21 of 3rd period - Shot Blocked by Chris Tanev.
10:25 of 3rd period - Shot by Trevor Lewis.
10:25 of 3rd period - Stopped by Tuukka Rask without a rebound.
10:26 of 3rd period - Matthew Calvert wins face-off versus Evgeny Kuznetsov in KELOWNA ROCKETS zone.
10:59 of 3rd period - Shot by Vladimir Tarasenko.
10:59 of 3rd period - Shot Misses the Net.
11:14 of 3rd period - Icing by Scott Mayfield.
11:15 of 3rd period - Matthew Calvert wins face-off versus Auston Matthews in SALEM BLACK JAYS zone.
11:42 of 3rd period - Shot by Trevor Lewis.
11:42 of 3rd period - Stopped by Tuukka Rask without a rebound.
11:43 of 3rd period - Anthony Cirelli wins face-off versus Mitchell Marner in KELOWNA ROCKETS zone.
11:43 of 3rd period - Anthony Cirelli is hit by Mitchell Marner.
12:02 of 3rd period - Icing by Drew Doughty.
12:03 of 3rd period - Anthony Cirelli wins face-off versus Casey Cizikas in KELOWNA ROCKETS zone.
12:08 of 3rd period - Shot by Nick Bjugstad.
12:08 of 3rd period - Stopped by Juuse Saros without a rebound.
12:09 of 3rd period - Casey Cizikas wins face-off versus Auston Matthews in SALEM BLACK JAYS zone.
12:24 of 3rd period - Shot by Dylan Larkin.
12:24 of 3rd period - Stopped by Tuukka Rask without a rebound.
12:25 of 3rd period - Evgeny Kuznetsov wins face-off versus Mikko Rantanen in KELOWNA ROCKETS zone.
12:25 of 3rd period - Evgeny Kuznetsov is hit by Mathew Barzal.
12:41 of 3rd period - Minor Penalty to Adam Larsson for Interference.
12:42 of 3rd period - Auston Matthews wins face-off versus Mathew Barzal in SALEM BLACK JAYS zone.
13:07 of 3rd period - Shot by Auston Matthews.
13:07 of 3rd period - Shot Misses the Net.
13:13 of 3rd period - Shot by Auston Matthews.
13:13 of 3rd period - Goal by Auston Matthews - KELOWNA ROCKETS : 7 - SALEM BLACK JAYS : 4.
13:14 of 3rd period - Casey Cizikas wins face-off versus Anthony Cirelli in neutral zone.
13:21 of 3rd period - Shot by Casey Cizikas.
13:21 of 3rd period - Stopped by Tuukka Rask without a rebound.
13:22 of 3rd period - Anthony Cirelli wins face-off versus Casey Cizikas in KELOWNA ROCKETS zone.
13:29 of 3rd period - Shot by Anthony Cirelli.
13:29 of 3rd period - Stopped by Juuse Saros with a rebound.
13:31 of 3rd period - Shot by Chris Tanev.
13:31 of 3rd period - Shot Misses the Net.
13:33 of 3rd period - Shot by Nick Bjugstad.
13:33 of 3rd period - Deflect By Pavel Buchnevich.
13:33 of 3rd period - Shot Blocked by Adam Larsson.
13:41 of 3rd period - Shot by Anthony Cirelli.
13:41 of 3rd period - Deflect By Pavel Buchnevich.
13:41 of 3rd period - Stopped by Juuse Saros without a rebound.
13:42 of 3rd period - Mitchell Marner wins face-off versus Auston Matthews in SALEM BLACK JAYS zone.
13:49 of 3rd period - Shot by Mikko Rantanen.
13:49 of 3rd period - Deflect By Mitchell Marner.
13:49 of 3rd period - Stopped by Tuukka Rask without a rebound.
13:50 of 3rd period - Casey Cizikas wins face-off versus Auston Matthews in KELOWNA ROCKETS zone.
14:01 of 3rd period - Shot by Dylan Larkin.
14:01 of 3rd period - Shot Blocked by Drew Doughty.
14:11 of 3rd period - Shot by Drew Doughty.
14:11 of 3rd period - Shot Misses the Net.
15:21 of 3rd period - Shot by Vladimir Tarasenko.
15:21 of 3rd period - Stopped by Juuse Saros with a rebound.
15:45 of 3rd period - Icing by Scott Mayfield.
15:46 of 3rd period - Colby Cave wins face-off versus Mitchell Marner in SALEM BLACK JAYS zone.
16:27 of 3rd period - Shot by Jordan Eberle.
16:27 of 3rd period - Shot Misses the Net.
17:41 of 3rd period - Evgeny Kuznetsov is hit by Michal Kempny and loses puck.
17:42 of 3rd period - Evgeny Kuznetsov from KELOWNA ROCKETS is injured at 17:42 of 3rd period (Strained Left Elbow).
17:43 of 3rd period - Casey Cizikas wins face-off versus Anthony Cirelli in SALEM BLACK JAYS zone.
17:50 of 3rd period - Shot by Dylan Larkin.
17:50 of 3rd period - Shot Misses the Net.
17:52 of 3rd period - Shot by Cody Ceci.
17:52 of 3rd period - Stopped by Tuukka Rask without a rebound.
17:53 of 3rd period - Anthony Cirelli wins face-off versus Mikko Rantanen in KELOWNA ROCKETS zone.
18:00 of 3rd period - Shot by Alexander Ovechkin.
18:00 of 3rd period - Deflect By Vladimir Tarasenko.
18:00 of 3rd period - Shot Misses the Net.
18:12 of 3rd period - Shot by Dylan Larkin.
18:12 of 3rd period - Stopped by Tuukka Rask without a rebound.
18:13 of 3rd period - Colby Cave wins face-off versus Matthew Calvert in KELOWNA ROCKETS zone.
18:20 of 3rd period - Shot by Matthew Calvert.
18:20 of 3rd period - Shot Blocked by Colby Cave.
18:24 of 3rd period - Shot by Matthew Calvert.
18:24 of 3rd period - Stopped by Tuukka Rask without a rebound.
18:25 of 3rd period - Casey Cizikas wins face-off versus Anthony Cirelli in KELOWNA ROCKETS zone.
18:25 of 3rd period - Casey Cizikas is hit by Marcus Pettersson.
18:37 of 3rd period - Shot by Casey Cizikas.
18:37 of 3rd period - Stopped by Tuukka Rask with a rebound.
18:44 of 3rd period - Off-side.
18:45 of 3rd period - Mitchell Marner wins face-off versus Tyler Bertuzzi in neutral zone.
19:03 of 3rd period - Auston Matthews is hit by Mikko Rantanen and loses puck.
19:14 of 3rd period - Tyler Bertuzzi is hit by Mitchell Marner and loses puck.
Goals for this period are 3 for KELOWNA ROCKETS vs 1 for SALEM BLACK JAYS.
Shots for this period are 13 for KELOWNA ROCKETS vs 14 for SALEM BLACK JAYS.


CAMERON
TALBOT
ROBERT
THOMAS
JOSHUA
MORRISSEY

EAST COAST

HOCKEY LEAGUE

  • 5.MAN2PIT5
  • 6.NHW2ATL6
  • 7.PET2WOR3
  • 8.RHI15
  • 9.CHIQUE
  • 10.LIMCHA
  • 11.LONTRV
  • 12.BALCHW